 Dungeon Crawl Stone Soup version 0.27-a0-909-g0721f309d1 (webtiles) character file.

Game seed: 15823140238718349934

13575 jasper the Epochal (level 11, -13/81 HPs)
             Began as a Demonspawn Artificer on Apr 9, 2021.
             Was an Elder of Cheibriados.
             Mangled by a two-headed ogre
             ... wielding a +0 giant spiked club
              (15 damage)
             ... on level 12 of the Dungeon.
             The game lasted 00:21:35 (16637 turns).

jasper the Epochal (Demonspawn Artificer)          Turns: 16637, Time: 00:21:36

Health: -13/81     AC:  8    Str: 22    XL:     11   Next: 77%
Magic:  22/22      EV: 15    Int: 26    God:    Cheibriados [****..]
Gold:   361        SH:  0    Dex: 28    Spells: 0/10 levels left

rFire    + . .     SeeInvis .     - Unarmed
rCold    + . .     Faith    .   (no shield)
rNeg     . . .     Spirit   .   n - +2 ring mail {rC+}
rPois    .         Reflect  .   (helmet unavailable)
rElec    .         Harm     .   (no cloak)
rCorr    .         Rampage  .   (no gloves)
Will     +....                  l - +0 pair of boots
Stlth    ++++......             (no amulet)
HPRegen  0.23/turn              N - ring of willpower
MPRegen  0.18/turn              (no ring)

@: very slow
A: horns 3, thin skeletal structure 2, demonic guardian 1, ignite blood 1,
augmentation 1, beak, fire resistance 1, high mp 1
a: Renounce Religion, Bend Time, Temporal Distortion, Slouch


You were on level 12 of the Dungeon.
You worshipped Cheibriados.
Cheibriados was greatly pleased with you.
You visited 2 branches of the dungeon, and saw 13 of its levels.
You also visited: Ossuary and Bailey.

You collected 1481 gold pieces.
You spent 1120 gold pieces at shops.

Inventory:

Hand Weapons
 a - a +0 club of flaming
Missiles
 h - 72 sling bullets
 j - 203 stones
 C - 41 boomerangs (quivered)
 F - 3 throwing nets
Armour
 b - a +0 leather armour
 f - a +2 robe of positive energy
 l - a +0 pair of boots (worn)
 n - a +2 ring mail of cold resistance (worn)
 o - the +0 ring mail of Guofek {MP+9 Int+3 Stlth-}
   (You found it in a bailey)

   It affects your intelligence (+3).
   It affects your magic capacity (+9).
   It makes you less stealthy.
 I - a +2 robe of willpower
Jewellery
 N - a ring of willpower (left hand)
Wands
 d - a wand of charming (11)
 e - a wand of flame (11)
 r - a wand of polymorph (6)
 J - a wand of digging (4)
Scrolls
 c - 4 scrolls of teleportation
 g - a scroll of fear
 m - a scroll of blinking
 s - 6 scrolls of noise
 v - 4 scrolls of immolation
 y - 5 scrolls of identify
 E - a scroll of magic mapping
 G - a scroll of enchant weapon {unknown}
 H - a scroll of enchant armour
 M - a scroll of amnesia
Potions
 i - 3 potions of attraction
 k - a potion of flight
 p - 13 potions of degeneration
 q - 5 potions of curing
 t - 8 potions of lignification
 u - 2 potions of ambrosia
 w - 2 potions of brilliance
 x - 3 potions of magic
 z - 2 potions of haste
 A - 2 potions of mutation
 L - a potion of might
Miscellaneous
 D - a box of beasts


   Skills:
 - Level 6.0 Fighting
 - Level 1.7 Armour
 - Level 5.0 Dodging
 - Level 0.8 Stealth
 + Level 9.6 Unarmed Combat
 - Level 4.0 Translocations
 + Level 5.1 Transmutations
 + Level 5.2 Earth Magic
 - Level 12.7 Invocations
 - Level 3.0 Evocations


You couldn't memorise any spells.
You knew the following spells:

 Your Spells              Type           Power      Damage    Failure   Level
a - Blink                 Tloc           N/A        N/A       6%          2
b - Statue Form           Tmut/Erth      18%        N/A       98%         6
c - Passwall              Tmut/Erth      22%        N/A       3%          2

Your spell library contained the following spells:

 Spells                   Type           Power      Damage    Failure   Level
 Sandblast                Erth           54%        2d13      2%          1
 Sting                    Tmut/Pois      52%        1d5       7%          1
 Magic Dart               Conj           0%         1d3       21%         1
 Stone Arrow              Conj/Erth      26%        3d8       22%         3
 Petrify                  Tmut/Erth      27%        N/A       24%         4
 Call Imp                 Summ           0%         N/A       30%         2
 Poisonous Vapours        Pois/Air       0%         N/A       30%         2
 Slow                     Hex            0%         N/A       30%         2
 Ignite Poison            Fire/Tmut/Pois 8%         N/A       30%         3
 Conjure Flame            Conj/Fire      0%         6-21      52%         3
 Mephitic Cloud           Conj/Pois/Air  0%         N/A       52%         3
 Animate Armour           Summ/Erth      26%        N/A       56%         4
 Leda's Liquefaction      Hex/Erth       6%         N/A       56%         4
 Lee's Rapid Deconstruct  Erth           13%        3d10*     56%         5
 Olgreb's Toxic Radiance  Pois           0%         N/A       90%         4
 Bolt of Magma            Conj/Fire/Erth 4%         4d5       96%         5
 Iron Shot                Conj/Erth      6%         9d2       100%        6
 Shatter                  Erth           13%        3d14*     100%        9


Dungeon Overview and Level Annotations

Branches:
Dungeon (12/15)            Temple (1/1) D:4            Lair (0/6) D:9
    Orc (0/2) D:10        Ossuary (visited)          Bailey (visited)

Altars:
Ashenzari
Cheibriados
Dithmenos
Elyvilon
Gozag
Hepliaklqana
Kikubaaqudgha
Makhleb
Nemelex Xobeh
Okawaru
Qazlal
Uskayaw
Wu Jian
Xom
Zin
The Shining One

Shops:
D:5 !   D:6 :*(   D:7 ?   D:12 (


Innate Abilities, Weirdness & Mutations

You have a pair of large horns on your head.
You have a moderately thin skeletal structure. (Dex +4, Stealth+)
A weak demonic guardian rushes to your aid.
Your demonic aura sometimes causes spilled blood to erupt in flames Your magical and physical power is slightly enhanced at high health.
You have a beak for a mouth.
Your flesh is heat resistant. (rF+)
You have an increased reservoir of magic. (+10% MP)


Message History

Okay, then.
Casting: Blink (safe; 6% risk of failure)
Confirm with . or Enter, or press ? or * to list all spells.
Okay, then.
Throw: 41 boomerangs
Press: ? - help, Q - select action, (/) - cycle Shift-Dir - straight line, f - two-headed ogre
Aim: a two-headed ogre, wielding a +0 giant spiked club and a +0 giant club (82% to hit)
You throw a boomerang. The boomerang hits the two-headed ogre.
The two-headed ogre is lightly wounded.
Aiming: Throw Flame
Press: ? - help, Shift-Dir - straight line, f/p - two-headed ogre
Aim: a two-headed ogre, wielding a +0 giant spiked club and a +0 giant club (lightly wounded, 14% to evade)
The puff of flame hits the two-headed ogre.
The two-headed ogre is lightly wounded.
You hit the two-headed ogre but do no damage.
You peck the two-headed ogre.
The two-headed ogre is moderately wounded.
The two-headed ogre hits you with a +0 giant spiked club!!
The two-headed ogre misses you.
You take 32 damage, and have 49/81 hp.
MASSIVE DAMAGE!!
You completely miss the two-headed ogre.
The two-headed ogre is moderately wounded.
You barely miss the two-headed ogre.
The two-headed ogre is moderately wounded.
The two-headed ogre closely misses you.
The two-headed ogre hits you with a +0 giant club!!
* * * LOW HITPOINT WARNING * * *
A demonic guardian appears!
You take 25 damage, and have 24/81 hp.
MASSIVE DAMAGE!!
Your quasit bites the two-headed ogre.
Your quasit claws the two-headed ogre.
Your quasit closely misses the two-headed ogre.
The two-headed ogre is engulfed in blazing flames.
Your quasit barely misses the two-headed ogre.
Your quasit claws the two-headed ogre but does no damage.
Your quasit completely misses the two-headed ogre.
The two-headed ogre is engulfed in blazing flames.
The two-headed ogre hits you with a +0 giant spiked club!!
* * * LOW HITPOINT WARNING * * *
The two-headed ogre hits you with a +0 giant club!
You die...

.. #.....# ..##.....#
........# .......#
#......# #(.....# #..#
#5☼....# #..#......
#.O°...# #..#......
#.@....# #..#......
#......# #..#......
#......###..#......
#......)....#......
#..##.......#......
.....##...#..........
.....##...#..........
......##...#.......∩..
..... #...#..........


You could see a two-headed ogre (ally target) and a friendly quasit (summoned).

Vanquished Creatures
  A hydra (D:11)
  Harold (D:7)
  A boulder beetle (D:12)
  Erica (D:10)
  A two-headed ogre (D:9)
  2 orc knights (Bailey)
  A cyclops (D:12)
  A gargoyle (D:12)
  A komodo dragon (D:10)
  Psyche (D:9)
  2 kobold demonologists (D:11)
  A hornet (D:7)
  A troll (D:8)
  3 wyverns
  2 wraiths (D:10)
  9 yaks
  4 vampire mosquitoes (D:11)
  A steam dragon (D:7)
  Menkaure (D:7)
  7 water moccasins
  A sky beast (D:6)
  A black bear (D:6)
  9 orc warriors
  An ice beast (D:7)
  2 centaurs
  2 ogres (D:5)
  A phantom (D:7)
  A kobold brigand (D:11)
  A gnoll sergeant (D:10)
  A bullfrog (D:8)
  A scorpion (D:5)
  2 water moccasin skeletons (D:4)
  3 killer bees (D:9)
  9 wights
  2 howler monkeys (D:8)
  3 centaur zombies
  8 orc priests
  2 bullfrog skeletons
  3 gnoll shamans
  A jelly (D:6)
  A human zombie (Ossuary)
  A centaur skeleton (D:7)
  5 iguanas
  Terence (D:4)
  7 orc wizards
  2 killer bee zombies (D:7)
  3 mummies (Ossuary)
  2 howler monkey zombies
  4 adders (D:4)
  26 gnolls
  3 river rats (D:4)
  2 worms (D:4)
  A dart slug (D:1)
  35 orcs
  5 endoplasms
  4 giant cockroaches
  A gnoll zombie (Ossuary)
  6 goblins
  12 hobgoblins
  6 jackals
  3 quokkas
  3 ball pythons
  2 bats
  4 frilled lizards
  A goblin zombie (Ossuary)
  32 kobolds
  2 kobold zombies (Ossuary)
  5 rats
275 creatures vanquished.

Vanquished Creatures (collateral kills)
  A centaur zombie (Ossuary)
  An orc priest (D:10)
  An orc wizard (D:9)
  A mummy (Ossuary)
  A gnoll (D:4)
  An adder (D:4)
  An orc (D:9)
  An endoplasm (D:4)
  A ball python (D:3)
9 creatures vanquished.

Vanquished Creatures (others)
  2 plants (D:3)
2 creatures vanquished.

Grand Total: 286 creatures vanquished

Notes
Turn   | Place    | Note
-------+----------+-------------------------------------------
     0 | D:1      | jasper the Demonspawn Artificer began the quest for the
                  | Orb.
     0 | D:1      | Reached XP level 1. HP: 15/15 MP: 1/1
   226 | D:1      | Reached skill level 1 in Dodging
   311 | D:1      | Reached skill level 1 in Unarmed Combat
   311 | D:1      | Gained mutation: You have a somewhat thin skeletal
                  | structure. (Dex +2, Stealth) [demonic ancestry]
   311 | D:1      | Reached XP level 2. HP: 21/21 MP: 2/2
  1126 | D:2      | Gained mutation: Your flesh is heat resistant. (rF+)
                  | [potion of mutation]
  1126 | D:2      | Gained mutation: You have an increased reservoir of magic.
                  | (+10% MP) [potion of mutation]
  1126 | D:2      | Gained mutation: You have a beak for a mouth. [potion of
                  | mutation]
  1771 | D:2      | Found a faded altar of an unknown god.
  2062 | D:3      | Gained mutation: You have a pair of small horns on your
                  | head. [demonic ancestry]
  2062 | D:3      | Reached XP level 3. HP: 26/26 MP: 3/3
  2445 | D:3      | Found an iron altar of Okawaru.
  2447 | D:3      | Found an opulent altar of Gozag.
  2450 | D:3      | Noticed Terence
  2532 | D:4      | Found a staircase to the Ecumenical Temple.
  2596 | D:4      | Killed Terence
  2751 | Temple   | Entered the Ecumenical Temple
  2849 | Temple   | Became a worshipper of Cheibriados the Contemplative
  3060 | D:4      | Gained mutation: You have a pair of horns on your head.
                  | [demonic ancestry]
  3060 | D:4      | Reached XP level 4. HP: 17/33 MP: 4/4
  3552 | D:4      | Gained mutation: Your demonic aura sometimes causes spilled
                  | blood to erupt in flames [demonic ancestry]
  3552 | D:4      | Reached XP level 5. HP: 39/39 MP: 5/5
  3618 | D:5      | Entered Level 5 of the Dungeon
  3804 | D:5      | Found a sand-covered staircase.
  3938 | Ossuary  | Entered an ossuary
  4011 | Ossuary  | Gained mutation: A weak demonic guardian rushes to your
                  | aid. [demonic ancestry]
  4011 | Ossuary  | Reached XP level 6. HP: 41/47 MP: 6/6
  4933 | D:5      | Reached * piety under Cheibriados
  4934 | D:5      | Gained mutation: Your magical and physical power is
                  | slightly enhanced at high health. [demonic ancestry]
  4934 | D:5      | Reached XP level 7. HP: 13/53 MP: 7/7
  5714 | D:5      | Reached skill level 5 in Unarmed Combat
  5829 | D:5      | Found Jihuyn's Distillery.
  5833 | D:5      | Bought a potion of lignification for 33 gold pieces
  5833 | D:5      | Bought a potion of lignification for 33 gold pieces
  5833 | D:5      | Bought a potion of lignification for 33 gold pieces
  5833 | D:5      | Bought a potion of lignification for 33 gold pieces
  5833 | D:5      | Bought a potion of might for 44 gold pieces
  6072 | D:5      | Found a broken altar of Ashenzari.
  7022 | D:4      | Reached ** piety under Cheibriados
  7053 | D:4      | Learned a level 2 spell: Blink
  7743 | D:6      | Found Duerag's Book Emporium.
  7778 | D:6      | Reached skill level 1 in Translocations
  7783 | D:6      | Gained mutation: You have a pair of large horns on your
                  | head. [demonic ancestry]
  7783 | D:6      | Reached XP level 8. HP: 31/61 MP: 8/8
  8273 | D:6      | Found Fimo's Weapon Emporium.
  8393 | D:6      | Found Nij Oroa's Serpentskin Sales.
  8401 | D:6      | Reached skill level 5 in Fighting
  9132 | D:7      | Reached *** piety under Cheibriados
  9217 | D:7      | Reached skill level 5 in Dodging
  9263 | D:7      | Gained mutation: You have a moderately thin skeletal
                  | structure. (Dex +4, Stealth+) [demonic ancestry]
  9263 | D:7      | Reached XP level 9. HP: 66/68 MP: 9/9
  9582 | D:7      | Noticed Harold
 10126 | D:8      | Reached skill level 2 in Invocations
 10238 | D:8      | Found a flagged portal.
 10248 | D:8      | Reached **** piety under Cheibriados
 10265 | Bailey   | Entered a bailey
 10399 | Bailey   | Reached skill level 3 in Invocations
 10458 | Bailey   | Noticed an orc knight
 10481 | Bailey   | Killed an orc knight
 10482 | Bailey   | Reached skill level 6 in Invocations
 10493 | Bailey   | Noticed an orc knight
 10510 | Bailey   | Killed an orc knight
 10511 | Bailey   | Reached skill level 8 in Invocations
 10516 | Bailey   | Reached XP level 10. HP: 76/76 MP: 18/18
 10633 | Bailey   | Identified the +0 ring mail of Guofek {MP+9 Int+3 Stlth-}
 10728 | D:8      | Reached skill level 9 in Invocations
 10936 | D:8      | Reached ***** piety under Cheibriados
 11318 | D:8      | Reached skill level 10 in Invocations
 11642 | D:8      | Reached skill level 11 in Invocations
 12256 | D:9      | Found a staircase to the Lair.
 12262 | D:9      | Noticed a two-headed ogre
 12272 | D:9      | Killed a two-headed ogre
 12273 | D:9      | Reached skill level 12 in Invocations
 12350 | D:6      | Bought a book of the Earth for 780 gold pieces
 12357 | D:6      | Learned a level 6 spell: Statue Form
 12593 | D:7      | Noticed Menkaure
 12606 | D:7      | Reached skill level 1 in Transmutations
 12606 | D:7      | Reached skill level 1 in Earth Magic
 12618 | D:7      | Killed Menkaure
 13000 | D:7      | Found Cuxafae's Magic Scroll Emporium.
 13011 | D:7      | Bought a scroll of blinking for 112 gold pieces
 13011 | D:7      | Bought a scroll of magic mapping for 52 gold pieces
 13246 | D:7      | Killed Harold
 13247 | D:7      | Reached XP level 11. HP: 59/81 MP: 22/22
 13753 | D:9      | Noticed Psyche
 13758 | D:9      | Killed Psyche
 14265 | D:10     | Entered Level 10 of the Dungeon
 14361 | D:10     | Found a staircase to the Orcish Mines.
 15073 | D:10     | Noticed Erica
 15079 | D:10     | Killed Erica
 15502 | D:11     | Noticed a seven-headed hydra
 15508 | D:11     | Killed a seven-headed hydra
 15949 | D:11     | Learned a level 2 spell: Passwall
 16229 | D:12     | Found Litoyx's Weapon Emporium.
 16229 | D:12     | Noticed a boulder beetle
 16247 | D:12     | Killed a boulder beetle
 16356 | D:12     | Reached skill level 5 in Transmutations
 16356 | D:12     | Reached skill level 5 in Earth Magic
 16630 | D:12     | Noticed a two-headed ogre
 16637 | D:12     | HP: 2/81 [two-headed ogre/+0 giant spiked club (22)]
 16637 | D:12     | Mangled by a two-headed ogre

Illustrated notes

Levels and vault maps discovered:
D:1:      matt_arrival_grand_opening, layout_loops_ring, serial_park_tiny_1
D:2:      layout_loops_corners, basic_ecumenical_altar
D:3:      cheibrodos_pilgrimage, layout_basic,
          gammafunk_temple_overflow_forgotten, uniq_terence
D:4:      layout_basic, minmay_temple_entry_statues_pillars,
          lightli_sewer_entry_pipes
D:5:      layout_layer_cave, kennysheep_mini_moat,
          nicolae_ossuary_entry_monument, serial_shops, kennysheep_mini
D:6:      layout_gridville, serial_shops, nicolae_shop_statue_plus,
          nicolae_shop_competitors_out_of_business, minivault_27,
          guppyfry_shop_venom
D:7:      layout_rooms, serial_shops, kennysheep_little_box, st_stairs_11,
          lemuel_another_geyser, uniq_harold, uniq_menkaure
D:8:      layout_loops_ring, enter_bailey_4
D:9:      layout_irregular_city, lair_entry_dummy,
          chequers_serial_rivers_micro_a, uniq_psyche
D:10:     layout_gridville, orc_0_dummy, uniq_erica
D:11:     layout_roguey
D:12:     layout_long_grid, serial_shops, shop, nicolae_sif_muna_little_library
Temple:   dpeg_five_rooms_temple

Skill      XL: |  1  2  3  4  5  6  7  8  9 10 11 |
---------------+----------------------------------+-----
Dodging        | 1 2 3 4 5 |  5.0
Unarmed Combat | 1 2 3 4 5 7 8 9 |  9.6
Fighting       | 2 3 4 5 6 |  6.0
Translocations | 1 3 4 |  4.0
Invocations    | 8 12 | 12.7
Transmutations | 2 5 |  5.1
Earth Magic    | 2 5 |  5.2
Armour         | |  1.7
Stealth        | |  0.8
Evocations     | |  3.0

Action                   |  1- 3 |  4- 6 |  7- 9 | 10-12 || total
-------------------------+-------+-------+-------+-------++-------
Melee: Club              |    45 |       |       |       ||    45
       Peck              |    13 |    37 |    59 |    68 ||   177
       Unarmed           |    17 |   118 |   220 |   208 ||   563
       Headbutt          |     6 |    31 |    46 |    73 ||   156
       Punch             |       |     1 |     9 |    18 ||    28
Throw: Stone             |    37 |    24 |    37 |       ||    98
       Throwing net      |       |     1 |       |       ||     1
       Boomerang         |       |       |   123 |   100 ||   223
Invok: Slouch            |       |       |       |     5 ||     5
Evoke: Wand              |    20 |     1 |     7 |    11 ||    39
  Use: Scroll            |     3 |     9 |     4 |     6 ||    22
       Potion            |     1 |       |     2 |     2 ||     5
 Stab: Sleeping          |     5 |     5 |     2 |     1 ||    13
       Paralysed         |       |       |       |     3 ||     3
Armor: Robe              |     5 |       |       |       ||     5
       Ring mail         |     2 |    33 |    82 |    52 ||   169
Dodge: Dodged            |    35 |    49 |   191 |   175 ||   450

Table legend: (Time is in decaauts)
 A = Elapsed time spent in this place.
 B = Non-inter-level travel time spent in this place.
 C = Inter-level travel time spent in this place.
 D = Time resting spent in this place.
 E = Time spent auto-exploring this place.
 F = Levels seen in this place.
 G = Mean time per level.
                   A        B        C        D        E       F      G
               +--------+--------+--------+--------+--------+-----+--------+
         Total |  20812 |  19735 |   1077 |   2958 |  14042 |  15 | 1387.5 |
       Dungeon |  19011 |  18021 |    990 |   2298 |  13672 |  12 | 1584.2 |
        Temple |    230 |    143 |     87 |      0 |    137 |   1 |  230.0 |
       Ossuary |   1000 |   1000 |      0 |    537 |    148 |   1 | 1000.0 |
        Bailey |    570 |    570 |      0 |    122 |     84 |   1 |  570.0 |
               +--------+--------+--------+--------+--------+-----+--------+

Top non-repeatable levels by time:
     D:5: 2414 daAuts
     D:8: 2306 daAuts
     D:7: 2126 daAuts
     D:9: 1940 daAuts
     D:4: 1796 daAuts
     D:6: 1795 daAuts
    D:10: 1510 daAuts
    D:11: 1341 daAuts
     D:2: 1255 daAuts
     D:1: 1129 daAuts
 Ossuary: 1000 daAuts
     D:3: 970 daAuts
  Bailey: 570 daAuts
    D:12: 424 daAuts
  Temple: 230 daAuts
